 Dungeon Crawl Stone Soup version 0.28.0-53-g5a82cb258f (webtiles) character file.

Game seed: 17984148759772396261

100 MiltankisOP the Insei (level 4, -7/33 HPs)
             Began as an Octopode Monk on July 13, 2022.
             Killed from afar by a steam dragon (14 damage)
             ... with a ball of steam
             ... on level 3 of the Dungeon.
             The game lasted 00:03:01 (2529 turns).

MiltankisOP the Insei (Octopode Monk)               Turns: 2529, Time: 00:03:02

Health: -7/33      AC:  1    Str: 10    XL:     4   Next: 73%
Magic:  4/4        EV: 14    Int: 12    God:
Gold:   69         SH:  0    Dex: 16    Spells: 3/3 levels left

rFire   . . .      SeeInvis .     - Unarmed
rCold   . . .      Faith    .   (no shield)
rNeg    . . .      Spirit   .   (helmet restricted)
rPois   .          Reflect  .   (no amulet)
rElec   .          Harm     .   (no ring)
rCorr   .          Rampage  .   (no ring)
Will    .....                   (no ring)
Stlth   +++.......              (no ring)
HPRegen 0.11/turn               (no ring)
MPRegen 0.09/turn               (no ring)
                                (no ring)
                                (no ring)

@: no status effects
A: almost no armour, amphibious, 8 rings, camouflage 1, gelatinous body 1,
(nimble swimmer 1), tentacles
a: no special abilities


You were on level 3 of the Dungeon.
You visited 1 branch of the dungeon, and saw 3 of its levels.

You collected 131 gold pieces.
You spent 62 gold pieces at shops.

Inventory:

Jewellery
 e - a ring of magical power
 l - an amulet of the acrobat
Scrolls
 f - a scroll of fear {unknown}
 g - a scroll of vulnerability {unknown}
 j - a scroll of fog {unknown}
 k - a scroll of holy word {unknown}
Potions
 a - a potion of cancellation
 c - 3 potions of curing
 d - 3 potions of mutation
 h - a potion of brilliance
 i - 2 potions of berserk rage


   Skills:
 + Level 4.1 Fighting
 - Level 3.1 Dodging
 - Level 2.6 Stealth
 + Level 4.3 Unarmed Combat


You had 3 spell levels left.
You didn't know any spells.
Your spell library contained the following spells:

 Spells                   Type           Power      Damage    Failure   Level
 Airstrike                Air            0%         N/A       97%         4
 Summon Lightning Spire   Summ/Air       0%         N/A       97%         4
 Lightning Bolt           Conj/Air       0%         1d11      100%        5


Dungeon Overview and Level Annotations

Branches:
Dungeon (3/15)

Altars:
Xom

Shops:
D:2 [=!(   D:3 *

Annotations:
D:2 1 runed translucent door, Crazy Yiuf


Innate Abilities, Weirdness & Mutations

You cannot wear most types of armour.
You are amphibious.
You can wear up to eight rings at the same time.
Your skin changes colour to match your surroundings (Stealth+).
Your rubbery body absorbs attacks. (AC +1, EV +1)
((You are camouflaged when in or above water. (Stealth+)))
You have tentacles for arms and can constrict up to eight enemies at once.


Message History

You bludgeon the gnoll! You grab the gnoll.
The gnoll is heavily wounded.
You constrict the gnoll. The gnoll barely misses you.
You tentacle-slap the gnoll. You squeeze the gnoll.
The gnoll is almost dead.
You constrict the gnoll.
The gnoll hits you with a +0 club of chaos.
You tentacle-slap the gnoll.
You kill the gnoll!
Things that are here:
a +0 club of chaos; a gnoll corpse
There is a fountain of clear blue water here.
i - 2 potions of berserk rage (gained 1)
Things that are here:
a +0 spear of chaos; a gnoll corpse You see here a +0 flail.
There is an open door, spattered with blood here.
There is an open door here.
There is an open door here.
You open the door.
There is an open door here.
A steam dragon comes into view.
A steam dragon is nearby!
The helpless steam dragon fails to defend itself.
You tentacle-slap the steam dragon.
The steam dragon is lightly wounded.
The steam dragon bites you. The steam dragon misses you.
You tentacle-slap the steam dragon. Your squeeze misses the steam dragon.
The steam dragon is lightly wounded.
The steam dragon breathes steam at you. The ball of steam hits you!
The steam dragon bites you!
* * * LOW HITPOINT WARNING * * *
The steam dragon closely misses you.
You tentacle-slap the steam dragon but do no damage.
You squeeze the steam dragon, but do no damage.
The steam dragon is lightly wounded.
The steam dragon breathes steam at you. The ball of steam hits you!
You die...

################.# ####### ##.#
.........# #.# #... ########.#
#.# #..# #.# # #.# #..# #.# #.#.#
#..# ###### #.### .#.##.# #..#
.....# #.#.. ...#.. #...
#....###.#.#####D##.###. #.##
#..(.....#......@....... #.#.
#...##.###..####.##.##########.#.
.)..'........###+##.#.....#..#.#.
#...##.#<....##.....#.###.#..#.#.
######.####...#.........#.#..#.#.
# #......#.#....##.#...#....#. #
########.#....##.#.###....## #
#######.#....##.######..... #
#............##.........###


You could see a steam dragon (catching breath).

Vanquished Creatures
  Natasha (D:3)
  2 gnolls (D:3)
  An adder (D:3)
  A worm (D:2)
  An orc (D:3)
  3 ball pythons
  3 bats (D:1)
  3 endoplasms
  2 giant cockroaches
  4 goblins
  4 hobgoblins
  A jackal (D:1)
  2 kobolds (D:1)
  3 quokkas
  6 frilled lizards
  4 rats
41 creatures vanquished.

Vanquished Creatures (others)
  5 plants
5 creatures vanquished.

Grand Total: 46 creatures vanquished

Notes
Turn   | Place    | Note
-------+----------+-------------------------------------------
     0 | D:1      | MiltankisOP the Octopode Monk began the quest for the Orb.
     0 | D:1      | Reached XP level 1. HP: 16/16 MP: 1/1
   260 | D:1      | Reached XP level 2. HP: 21/21 MP: 2/2
   927 | D:1      | Found a faded altar of an unknown god.
  1020 | D:2      | Found Fanedgh's Distillery.
  1032 | D:2      | Reached XP level 3. HP: 26/26 MP: 3/3
  1114 | D:2      | Found Neatzea's Jewellery Shop.
  1131 | D:2      | Found Toyc's Armour Emporium.
  1217 | D:2      | Bought a potion of curing for 42 gold pieces
  1272 | D:2      | Found a runed translucent door.
  1273 | D:2      | Noticed Crazy Yiuf
  1518 | D:2      | Found Ophop's Weapon Boutique.
  1874 | D:3      | Noticed Natasha
  1881 | D:3      | Killed Natasha
  1882 | D:3      | Reached XP level 4. HP: 30/33 MP: 4/4
  2200 | D:3      | Found Daschuf's General Store.
  2206 | D:3      | Bought a scroll of identify for 20 gold pieces
  2401 | D:3      | Found a shimmering altar of Xom.
  2520 | D:3      | Noticed a steam dragon
  2529 | D:3      | Killed from afar by a steam dragon

Illustrated notes

Levels and vault maps discovered:
D:1:      dpeg_cavernosity, layout_basic, basic_ecumenical_altar,
          chequers_big_river
D:2:      layout_basic, serial_shops, nicolae_shop_trees,
          nicolae_shop_temple_entry_statues_fountains, shop,
          nicolae_shop_window_shopping, minmay_misc_feat_cross,
          minmay_lizard_king, uniq_crazy_yiuf_cottage
D:3:      layout_basic, tgw_xom, serial_shops, shop, uniq_natasha

Skill      XL: |  1  2  3  4 |
---------------+-------------+-----
Unarmed Combat | 4 |  4.3
Fighting       | 4 |  4.1
Dodging        | |  3.1
Stealth        | |  2.6

Action                   |  1- 3 |  4- 6 || total
-------------------------+-------+-------++-------
Melee: Unarmed           |    55 |    21 ||    76
       Constrict         |     8 |     7 ||    15
       Tentacles         |    14 |     6 ||    20
  Use: Scroll            |       |     4 ||     4
 Stab: Sleeping          |    12 |     3 ||    15
Armor: Skin              |     4 |     1 ||     5
Dodge: Dodged            |    28 |     9 ||    37
